 Dungeon Crawl Stone Soup version 0.27-a0-1101-ge311f74bc8 (webtiles) character file.

Game seed: 10551202834008186972

187 vurker the Chopper (level 5, -3/29 HPs)
             Began as a Tengu Fighter on Apr 28, 2021.
             Was an Initiate of Hepliaklqana.
             Slain by a gnoll
             ... wielding a +0 halberd
              (12 damage)
             ... on level 4 of the Dungeon.
             The game lasted 00:03:02 (3506 turns).

vurker the Chopper (Tengu Fighter)                  Turns: 3506, Time: 00:03:03

Health: -3/29      AC: 11    Str: 18    XL:     5   Next: 66%
Magic:  6/6        EV:  4    Int:  8    God:    Hepliaklqana [......]
Gold:   160        SH:  9    Dex: 13    Spells: 4/4 levels left

rFire    . . .     SeeInvis .   a - +0 war axe
rCold    . . .     Faith    .   c - +0 kite shield
rNeg     . . .     Spirit   .   s - +0 plate armour
rPois    .         Reflect  .   (helmet restricted)
rElec    .         Harm     .   (no cloak)
rCorr    .         Rampage  .   (no gloves)
Will     .....                  (boots unavailable)
Stlth    ..........             (no amulet)
HPRegen  0.09/turn              (no ring)
MPRegen  0.10/turn              (no ring)

@: mighty, flying quickly and evasively, quick
A: reduced essence, beak, talons 3, nimble flight
a: Renounce Religion, Recall Ancestor, Ancestor Identity


You were on level 4 of the Dungeon.
You worshipped Hepliaklqana.
Hepliaklqana was noncommittal.
You visited 1 branch of the dungeon, and saw 4 of its levels.

You collected 160 gold pieces.

Inventory:

Hand Weapons
 a - a +0 war axe (weapon)
Armour
 c - a +0 kite shield (worn)
 s - a +0 plate armour (worn)
   (You found it on level 4 of the Dungeon)
Scrolls
 e - a scroll of torment {unknown}
 i - a scroll of amnesia {unknown}
 l - a scroll of brand weapon {unknown}
 o - a scroll of blinking {unknown}
 q - a scroll of identify {unknown}
Potions
 f - a potion of berserk rage {unknown}
 g - 2 potions of curing {unknown}
 h - a potion of ambrosia {unknown}
 k - a potion of heal wounds {unknown}
 m - a potion of haste {unknown}
 p - a potion of magic {unknown}


   Skills:
 + Level 3.9 Fighting
 * Level 4.6 Axes
 - Level 3.2 Armour
 + Level 3.9 Shields
 + Level 0.6 Invocations


You had 4 spell levels left.
You didn't know any spells.
Your spell library contained the following spells:

 Spells                   Type           Power      Damage    Failure   Level
 Summon Small Mammal      Summ           0%         N/A       100%        1
 Call Imp                 Summ           0%         N/A       100%        2
 Call Canine Familiar     Summ           0%         N/A       100%        3
 Summon Guardian Golem    Hex/Summ       0%         N/A       100%        3
 Summon Ice Beast         Ice/Summ       0%         N/A       100%        4
 Summon Lightning Spire   Summ/Air       0%         N/A       100%        4


Dungeon Overview and Level Annotations

Branches:
Dungeon (4/15)
 Temple: D:4-7

Altars:
Hepliaklqana

Shops:
D:2 =


Innate Abilities, Weirdness & Mutations

Your life essence is reduced to manifest your ancestor. (-10% HP)
You have a beak for a mouth.
You have claws for feet.
Your magical nature lets you fly swiftly and evasively.


Message History

Your shield and plate armour prevent you from hitting the goblin.
Your peck misses the goblin. The goblin barely misses you.
Iltani barely misses the worm.
The worm bites Iltani!
Iltani is destroyed!
You slash the goblin!
You kill the goblin!
You hit the worm. You claw the worm. You hit the worm. You claw the worm.
You peck the worm, but do no damage. The worm bites you.
You slash the worm!
You kill the worm!
No target in view!
No target in view!
Iltani emerges from the mists of memory!
A stone appears from out of your range of vision.
The stone barely misses Iltani.
A gnoll comes into view. It is wielding a +0 halberd.
A gnoll is nearby!
A gnoll is nearby!
A gnoll is nearby!
Items here: )) ††.
A gnoll comes into view. It is wielding a +0 morningstar.
Found 30 sling bullets.
The gnoll shouts!
The gnoll hits you from afar with a +0 halberd!
You block the gnoll's attack.
A gnoll comes into view. It is wielding a +0 halberd.
Found a club.
You hit the gnoll. You claw the gnoll. You block the gnoll's attack.
Iltani hits the gnoll but does no damage.
You slash the gnoll! You claw the gnoll.
You kill the gnoll!
You block the gnoll's attack.
You closely miss the gnoll.
Iltani hits the gnoll.
The gnoll hits you with a +0 morningstar.
* * * LOW HITPOINT WARNING * * *
Iltani hits the gnoll.
You block the gnoll's attack. The gnoll hits you with a +0 halberd.
* * * LOW HITPOINT WARNING * * *
Iltani closely misses the gnoll.
Items here: $ ( ) [.
Unknown command.
You feel very mighty all of a sudden. The gnoll hits you but does no damage.
You block the gnoll's attack.
Iltani closely misses the gnoll.
You slash the gnoll!
You kill the gnoll!
Your shield and plate armour prevent you from hitting the gnoll.
The gnoll hits you with a +0 halberd!
You die...

## #. .).. .# .......
...(.#. .......## ........#
......#g# ##############
......)@# #...†.........
######R.###.############
##########...##.#
#........##).##.#
#..).....##.))#.#
#........##.).#.#
#......<.###.$..############
#........# #.#..#...).[.....
#........# #....#.##########


You could see the friendly Iltani the ancestor and a gnoll.

Vanquished Creatures
  A jelly (D:4)
  2 gnolls (D:4)
  5 adders
  A worm (D:4)
  2 dart slugs
  6 orcs
  7 bats
  11 endoplasms
  4 giant cockroaches
  4 goblins
  7 hobgoblins
  8 jackals
  5 kobolds
  4 quokkas
  4 ball pythons
  2 frilled lizards
  4 rats
77 creatures vanquished.

Vanquished Creatures (collateral kills)
  2 orcs (D:4)
  A giant cockroach (D:4)
3 creatures vanquished.

Vanquished Creatures (others)
  An ancestor (D:4)
1 creature vanquished.

Grand Total: 81 creatures vanquished

Notes
Turn   | Place    | Note
-------+----------+-------------------------------------------
     0 | D:1      | vurker the Tengu Fighter began the quest for the Orb.
     0 | D:1      | Reached XP level 1. HP: 14/14 MP: 2/2
    83 | D:1      | Reached XP level 2. HP: 12/19 MP: 3/3
   479 | D:1      | Reached skill level 3 in Axes
   534 | D:1      | Reached XP level 3. HP: 23/23 MP: 4/4
   637 | D:1      | Found a faded altar of an unknown god.
  1618 | D:2      | Reached XP level 4. HP: 20/28 MP: 5/5
  1920 | D:2      | Found Heduir's Jewellery Boutique.
  2488 | D:3      | Reached skill level 4 in Axes
  2716 | D:3      | Gained mutation: Your magical nature lets you fly swiftly
                  | and evasively. [Tengu growth]
  2716 | D:3      | Reached XP level 5. HP: 17/33 MP: 6/6
  3079 | D:3      | Found a hazy altar of Hepliaklqana.
  3140 | D:3      | Became a worshipper of Hepliaklqana the Forgotten
  3506 | D:4      | Slain by a gnoll

Illustrated notes

Levels and vault maps discovered:
D:1:      amcnicky_arrival_blooded_trapdoor, layout_basic,
          ebering_ecumenical_altar_webs, skrybe_limestone_x
D:2:      minmay_chambers_of_twos, layout_basic, serial_shops,
          nicolae_shop_statue_plus
D:3:      layout_basic, worldfamousw_hep_ancestral_shrine, minmay_cupped
D:4:      layout_basic, uniq_crazy_yiuf_cottage, uniq_ijyb

Skill      XL: |  1  2  3  4 |
---------------+-------------+-----
Axes           | 3 4 |  4.6
Fighting       | |  3.9
Armour         | |  3.2
Shields        | |  3.9
Invocations    | |  0.6

Action                   |  1- 3 |  4- 6 || total
-------------------------+-------+-------++-------
Melee: War axe           |    73 |    90 ||   163
       Kick              |    13 |    19 ||    32
       Peck              |     8 |    13 ||    21
  Use: Potion            |       |     1 ||     1
Armor: Scale mail        |    35 |    28 ||    63
       Plate armour      |       |    15 ||    15
Dodge: Dodged            |    23 |    35 ||    58
Block: Kite shield       |    37 |    41 ||    78

Table legend: (Time is in decaauts)
 A = Elapsed time spent in this place.
 B = Non-inter-level travel time spent in this place.
 C = Inter-level travel time spent in this place.
 D = Time resting spent in this place.
 E = Time spent auto-exploring this place.
 F = Levels seen in this place.
 G = Mean time per level.
                   A        B        C        D        E       F      G
               +--------+--------+--------+--------+--------+-----+--------+
         Total |   3549 |   3499 |     50 |      0 |   3024 |   4 |  887.2 |
       Dungeon |   3549 |   3499 |     50 |      0 |   3024 |   4 |  887.2 |
               +--------+--------+--------+--------+--------+-----+--------+

Top non-repeatable levels by time:
     D:2: 1095 daAuts
     D:1: 1080 daAuts
     D:3: 1034 daAuts
     D:4: 339 daAuts
